 Dungeon Crawl Stone Soup version 0.31.0-1-g2c135a008e (webtiles) character file.

Game seed: 16842756115944990554

61 qw the Shooter (level 4, -5/35 HPs)
             Began as a Djinni Hunter on Jan 24, 2024.
             Slain by a gnoll
             ... wielding a +0 flail
              (6 damage)
             ... on level 2 of the Dungeon.
             The game lasted 00:00:03 (920 turns).

qw the Shooter (Djinni Hunter)                       Turns: 920, Time: 00:00:04

Health: -5/35      AC:  6    Str: 10    XL:     4   Next: 27%
Gold:   85         EV:  8    Int: 11    God:
                   SH:  0    Dex: 18

rFire   + + .        a - +0 shortbow
rCold   x . .        (shield currently unavailable)
rNeg    . . .        h - +0 ring mail
rPois   inf          (no helmet)
rElec   .            i - +0 cloak
rCorr   .            (no gloves)
SInv    .            (boots unavailable)
Will    .....        (no amulet)
Stlth   +            (no ring)
HPRegen 0.25/turn    (no ring)
MPRegen 0.00/turn

%: infuse magic (-6 HP)
@: flying, constricted
A: sickness immunity, fire resistance 2, cold vulnerability 1, float, innate
caster, HP casting, extra vitality 1
a: no special abilities


You were on level 2 of the Dungeon.
You visited 1 branch of the dungeon, and saw 2 of its levels.

You collected 85 gold pieces.


Innate Abilities, Weirdness & Mutations

You are immune to sickness and miasma.
You are immune to poison.
Your flesh is very heat resistant. (rF++)
You are vulnerable to cold. (rC-)
You float through the air rather than walking.
You learn spells naturally, not from books.
Your magical power is your life essence.
You have superior vitality. (+4 MHP)


   Skills:
 - Level 3.0 Fighting
 + Level 4.0 Ranged Weapons
 - Level 1.0 Armour
 - Level 2.1 Dodging
 - Level 0.7 Stealth


You knew the following spells:

 Your Spells              Type           Power      Damage    Failure   Level
a - Kiss of Death         Conj/Necr      0%         2d5       65%         1
Your spell library was empty.

Inventory:

Hand Weapons
 a - a +0 shortbow (weapon)
Armour
 b - a +1 leather armour of cold resistance
 h - a +0 ring mail (worn)
 i - a +0 cloak (worn)
Scrolls
 c - a scroll of identify
 d - a scroll of enchant weapon {unknown}
Potions
 g - a potion of might

Dungeon Overview and Level Annotations

Branches:
Dungeon (2/15)

Altars:

Shops:
D:2 *


Message History

You shoot an arrow. The arrow hits the gnoll!
You kill the gnoll!
A goblin comes into view. It is wielding a +0 club.
The gnoll closely misses you. The gnoll hits you with a +0 whip.
Your Fighting skill increases to level 3!
You shoot an arrow. The arrow closely misses the gnoll.
The goblin shouts!
The gnoll hits you with a +0 whip.
You shoot an arrow. The arrow closely misses the gnoll.
The gnoll shouts!
The gnoll hits you with a +0 whip.
The gnoll throws a throwing net.
The throwing net completely misses you. The gnoll hits you with a +0 whip.
You shoot an arrow.
The arrow hits the gnoll but does no damage.
The gnoll barely misses you.
You shoot an arrow.
The arrow hits the gnoll but does no damage.
The gnoll hits you with a +0 whip.
You shoot an arrow. The arrow hits the gnoll!
The gnoll is heavily wounded.
The gnoll barely misses you.
You shoot an arrow. The arrow closely misses the gnoll.
The goblin hits you but does no damage. The gnoll closely misses you.
The goblin hits you with a +0 club.
You shoot an arrow. The arrow hits the gnoll.
The gnoll is heavily wounded.
The goblin hits you but does no damage.
You shoot an arrow. The arrow hits the gnoll.
The gnoll is severely wounded.
The gnoll hits you with a +0 whip. The goblin hits you with a +0 club.
The gnoll misses you. The ball python bites you. The ball python grabs you.
The ball python constricts you. The gnoll hits you with a +0 flail.
The goblin hits you but does no damage. The gnoll hits you but does no damage.
You shoot an arrow. The arrow hits the ball python.
The ball python is moderately wounded.
The ball python closely misses you. The ball python constricts you.
The goblin hits you but does no damage. The gnoll barely misses you.
The ball python barely misses you. The ball python constricts you.
The gnoll hits you with a +0 flail.
You die...

#.###.##.#.#..............#####..
#+###..#.#.##############..^8^..#
.....#.#.#'### #########
.............# .. .....#.#.....#
... .....#.......# #####....
.....##.)....## #..%.....
.[...#####....###g....... ######
#.##...@g.....\g #.#####Sg.......
#.# ##.......S #' #........
#....#... ###### #.


You could see 2 gnolls, a goblin and a ball python.

Vanquished Creatures
  2 gnolls (D:2)
  A dart slug (D:1)
  A ribbon worm (D:2)
  6 bats
  3 endoplasms
  A giant cockroach (D:1)
  6 goblins
  3 hobgoblins
  A quokka (D:1)
  2 ball pythons
  4 frilled lizards (D:1)
  5 kobolds
  3 rats
38 creatures vanquished.

Notes
Turn   | Place    | Note
-------+----------+-------------------------------------------
     0 | D:1      | qw the Djinni Hunter began the quest for the Orb.
     0 | D:1      | Reached XP level 1. HP: 18/18 MP: 0/0
     0 | D:1      | 0 ||| qw: Version: 0.3-a-136-gdd3b4e8
     0 | D:1      | 0 ||| qw: Game counter: 1222
     0 | D:1      | 0 ||| qw: Melee chars always use a shield: true
     0 | D:1      | 0 ||| qw: God list: Okawaru
     0 | D:1      | 0 ||| qw: Allow faded altars: false
     0 | D:1      | 0 ||| qw: Do Orc after clearing Dungeon:15 true
     0 | D:1      | 0 ||| qw: Do second Lair branch before Depths: true
     0 | D:1      | 0 ||| qw: Lair rune preference: random
     0 | D:1      | 0 ||| qw: Goals: Normal
     0 | D:1      | 0 ||| PLANNING D:1-11
    47 | D:1      | Reached XP level 2. HP: 23/23 MP: 0/0
   193 | D:1      | Reached XP level 3. HP: 28/28 MP: 0/0
   193 | D:1      | Learned a level 1 spell: Kiss of Death
   198 | D:1      | Reached skill level 4 in Ranged Weapons
   534 | D:1      | 534 ||| UPGRADING to +0 ring mail.
   544 | D:1      | 544 ||| DROPPING +0 leather armour.
   545 | D:1      | 545 ||| UPGRADING to +0 cloak.
   550 | D:1      | 550 ||| READING scroll labelled SUWEUV NAEKK.
   550 | D:1      | 550 ||| IDENTIFYING smoky yellow potion
   551 | D:1      | 551 ||| READING scroll labelled FUAHOL VAOL.
   552 | D:1      | 552 ||| READING scroll labelled FYBUMOFOMI.
   553 | D:1      | 553 ||| DROPPING scroll of butterflies.
   717 | D:2      | Reached skill level 1 in Armour
   840 | D:2      | Found Imel Ent's Assorted Antiques.
   853 | D:2      | Reached XP level 4. HP: 21/34 MP: 0/0
   905 | D:2      | 905 ||| RETREEEEATING.
   912 | D:2      | Reached skill level 3 in Fighting
   919 | D:2      | HP: 7/35 [goblin/+0 club (3)]
   919 | D:2      | HP: 1/35 [gnoll/+0 flail (3)]
   920 | D:2      | Slain by a gnoll

Levels and vault maps discovered:
D:1:      minmay_arrival_three_doors, layout_rooms
D:2:      layout_basic, serial_shops, shop, ebering_dispersal_statue_hall

Skill      XL: |  1  2  3  4 |
---------------+-------------+-----
Ranged Weapons | 4 |  4.0
Armour         | 1 |  1.0
Fighting       | 3 |  3.0
Dodging        | |  2.1
Stealth        | |  0.7

Action                     |  1- 3 |  4- 6 || total
---------------------------+-------+-------++-------
   Fire: Shortbow          |    79 |    16 ||    95
    Use: Scroll            |     3 |       ||     3
 Armour: Leather armour    |     5 |       ||     5
         Ring mail         |     7 |    19 ||    26
  Dodge: Dodged            |    14 |     9 ||    23

Table legend:
 A = Non-vault XP
 B = Vault XP
 C = Vault XP percentage of total XP
 D = Non-vault monster count
 E = Vault monster count
 F = Vault count percentage of total count
                 A         B        C        D         E       F
            +---------+---------+-------+---------+---------+-------
      Total |      88 |       0 |   0.0 |      38 |       0 |   0.0
            +---------+---------+-------+---------+---------+-------
        D:1 |      41 |       0 |   0.0 |      25 |       0 |   0.0
        D:2 |      47 |       0 |   0.0 |      13 |       0 |   0.0
            +---------+---------+-------+---------+---------+-------
